Map: Ulrena

Players

Rushkid - Winner!

  • Race: Terran Terran
  • League: Bronze
  • Spawn Location: 11:00

zidar

  • Race: Zerg Zerg
  • League: Gold
  • Spawn Location: 7:00

VOD

Have the link to the VOD?

Description

Time

  • Played on: June 14, 2016, 11:19 a.m.
  • Length: 7:54
Show
View Real Time Build Order
Export as new Build Order

Rushkid Terran - Winner!

Build Orders: 1/1/1 

Get SALT Encoding   

  12  0:01  SCV  
  13  0:13  SCV  
  14  0:24  Supply Depot  
  14  0:25  SCV  
  15  0:42  Supply Depot  
  15  0:46  SCV  
  15  0:48  Barracks  
  16  0:55  Refinery  
  16  0:58  SCV  
  17  1:05  Refinery  
  17  1:11  SCV  
  18  1:23  SCV  
  19  1:36  Orbital Command  
  19  1:37  Marine  
  20  1:44  Factory  
  20  1:55  Marine  
  21  2:06  SCV  
  22  2:13  Marine  
  23  2:18  SCV  
  24  2:28  Starport  
  24  2:30  Factory Reactor, SCV  
  24  2:31  Marine  
  24  2:33  Supply Depot  
  26  2:43  Barracks  
  26  2:49  Marine  
  28  2:51  SCV  
  28  3:08  Medivac  
  28  3:12  Marine  
  35  3:13  Widow Mine x2  
  35  3:16  Barracks  
  35  3:18  SCV  
  36  3:25  Bunker  
  36  3:30  Marine  
  36  3:31  Marine  
  38  3:50  Marine  
  38  4:19  Medivac  
  39  4:33  Supply Depot  
  39  4:34  Supply Depot  
  39  4:37  Supply Depot  
  39  4:40  Barracks Tech Lab  
  39  4:42  Barracks Tech Lab  
  39  4:45  Marine  
  37  4:47  Command Center  
  38  4:54  Factory Tech Lab, Medivac  
  40  5:02  Marine x2  
  40  5:03  Marine  
  40  5:04  Combat Shield, Stimpack  
  43  5:20  Marine  
  44  5:32  Marine x2  
  46  5:37  Marine  
  47  5:49  Marine  
  47  5:50  Marine  
  47  5:55  Marine  
  50  6:07  Marine  
  51  6:13  Siege Tank  
  51  6:18  Orbital Command  
  54  6:27  Concussive Shells  
  54  6:29  Marauder x2  
  54  6:32  SCV  
  59  6:38  Medivac  
  61  6:44  SCV, Supply Depot  
  61  6:45  Siege Tank  
  65  7:09  Marine  
  65  7:10  Marauder x2  
  70  7:19  Orbital Command  
  70  7:27  Marine  
  71  7:31  Marine, Marauder  
Show
View Real Time Build Order
Export as new Build Order

zidar Zerg 

Build Orders: Hatch First 

Get SALT Encoding   

  12  0:02  Drone  
  13  0:14  Overlord  
  13  0:17  Drone  
  14  0:32  Drone x2  
  16  0:51  Hatchery  
  16  0:53  Drone  
  16  0:59  Extractor, Drone  
  16  1:14  Spawning Pool  
  16  1:18  Drone  
  16  1:25  Drone  
  17  1:27  Drone  
  18  1:35  Overlord  
  18  1:40  Drone  
  19  1:50  Drone  
  20  2:14  Metabolic Boost  
  20  2:19  Drone x4  
  20  2:21  Queen  
  26  2:27  Queen  
  28  2:36  Extractor, Drone x2  
  29  2:43  Drone x2  
  31  2:54  Roach Warren  
  30  3:04  Drone  
  31  3:23  Baneling Nest  
  31  3:24  Pneumatized Carapace  
  31  3:26  Drone x6  
  36  3:35  Lair  
  36  3:58  Overlord x3  
  36  3:59  Overlord  
  23  4:16  Drone x5  
  23  4:17  Drone  
  29  4:28  Drone x4  
  33  4:32  Overseer  
  29  4:43  Drone x4  
  33  4:50  Centrifical Hooks  
  33  4:56  Drone x2  
  33  4:59  Drone  
  36  5:02  Drone  
  36  5:03  Drone  
  38  5:23  Zergling x12  
  31  5:42  Baneling  
  31  5:43  Spine Crawler, Baneling x5  
  22  6:11  Drone x8  
  22  6:12  Drone  
  31  6:22  Queen  
  33  6:49  Evolution Chamber  
  33  6:50  Drone x7  
  39  6:55  Evolution Chamber  
  39  6:56  Queen  
  39  7:24  Drone x3  
  42  7:34  Extractor  
  42  7:37  Extractor, Drone x6  
  42  7:40  Hatchery  
Tags
 
Matchup
TvZ
Spawn Locations
Close Positions
Add a new tag
Caveats
  • Supply blocks, unpowered buildings, or Contaminate may cause inaccurate times.
  • Supply counts are checked every 10 seconds.